 Dungeon Crawl Stone Soup version 0.27-a0-797-g27d10ad80f (webtiles) character file.

Game seed: 12863619206263961426

37 polve the Slasher (level 3, -7/29 HPs)
             Began as a Demonspawn Abyssal Knight on Mar 27, 2021.
             Was a Follower of Lugonu.
             Killed from afar by Sigmund (8 damage)
             ... with a magic dart
             ... on level 2 of the Dungeon.
             The game lasted 00:01:40 (1659 turns).

polve the Slasher (Demonspawn Abyssal Knight)       Turns: 1659, Time: 00:01:41

Health: -7/29      AC:  3    Str: 12    XL:     3   Next: 21%
Magic:  3/13       EV: 11    Int: 14    God:    Lugonu [*.....]
Gold:   28         SH:  0    Dex: 12    Spells: 1/2 levels left

rFire    . . .     SeeInvis .   a - +1 falchion
rCold    . . .     Faith    .   (no shield)
rNeg     . . .     Spirit   .   b - +0 leather armour
rPois    .         Reflect  .   (no helmet)
rElec    .         Harm     .   (no cloak)
rCorr    .         Rampage  .   (no gloves)
Will     .....                  (no boots)
Stlth    +.........             (no amulet)
HPRegen  0.09/turn              e - ring of magical power
MPRegen  0.13/turn              (no ring)

@: mighty, slightly contaminated, invisible
A: spiny 1, demonic magic 1
a: Renounce Religion, Depart the Abyss


You were on level 2 of the Dungeon.
You worshipped Lugonu.
Lugonu was aware of your devotion.
You visited 1 branch of the dungeon, and saw 2 of its levels.
You visited the Abyss 1 time.

You collected 28 gold pieces.

Inventory:

Hand Weapons
 a - a +1 falchion (weapon)
Armour
 b - a +0 leather armour (worn)
Jewellery
 e - a ring of magical power (left hand)
Scrolls
 d - a scroll of immolation {unknown}
 g - a scroll of magic mapping {unknown}


   Skills:
 - Level 3.0 Fighting
 - Level 3.1 Long Blades
 - Level 1.7 Armour
 - Level 0.8 Dodging
 + Level 0.3 Spellcasting
 * Level 0.8 Conjurations
 - Level 2.4 Invocations


You had one spell level left.
You knew the following spells:

 Your Spells              Type           Power      Damage    Failure   Level
a - Magic Dart            Conj           8%         1d3       26%         1

Your spell library contained the following spells:

 Spells                   Type           Power      Damage    Failure   Level
 Blink                    Tloc           N/A        N/A       50%         2
 Call Imp                 Summ           0%         N/A       50%         2
 Slow                     Hex            0%         N/A       50%         2
 Conjure Flame            Conj/Fire      1%         6-21      67%         3
 Mephitic Cloud           Conj/Pois/Air  0%         N/A       67%         3


Dungeon Overview and Level Annotations

Branches:
Dungeon (2/15)

Altars:

Annotations:
D:2 Sigmund


Innate Abilities, Weirdness & Mutations

You are partially covered in sharp spines.
Spells you cast may paralyse adjacent enemies.


Message History

You don't have enough magic to cast this spell.
It was a potion of might.
You feel very mighty all of a sudden. Sigmund hits you but does no damage.
You cannot move.
You cannot move.
Sigmund hits you from afar with a +0 scythe.
Sigmund hits you but does no damage.
Sigmund hits you from afar with a +0 scythe.
Your transformation is almost over.
Sigmund hits you but does no damage.
a - a +1 falchion (weapon)
Sigmund barely misses you.
Sigmund says, "Don't worry, I'll kill you fast."
Sigmund hits you from afar with a +0 scythe!
Sigmund hits you but does no damage.
Sigmund hits you from afar with a +0 scythe.
* * * LOW HITPOINT WARNING * * *
Sigmund hits you but does no damage. Sigmund hits you but does no damage.
Sigmund barely misses you.
You feel less wooden.
Your +0 leather armour unmelds from your body.
Sigmund closely misses you. Sigmund is struck by your spines.
Sigmund closely misses you.
You strike the helpless Sigmund from behind!
You hit Sigmund.
Sigmund is severely wounded.
Sigmund points at something and mumbles some strange words.
You barely miss Sigmund.
Sigmund is severely wounded.
You barely miss Sigmund.
Sigmund is severely wounded.
Sigmund hits you with a +0 scythe!
* * * LOW HITPOINT WARNING * * *
Your leather armour prevents you from hitting Sigmund.
Sigmund is severely wounded.
Sigmund gestures at you while chanting. The magic dart hits you!
You die...

# ## .... .#.. ..... ...
.....##########.#
...............# .
..............#.... ####
#........@@.......
...####.........#####...
................#
................#
...######....####
.............#
.......†.....#
...........###
##........#...


You could see Sigmund.

Vanquished Creatures
  3 dart slugs (D:1)
  2 ball pythons (D:1)
  A bat (D:1)
  3 endoplasms (D:1)
  2 giant cockroaches (D:1)
  A goblin (D:1)
  2 hobgoblins (D:1)
  3 jackals (D:2)
  2 quokkas (D:1)
  2 frilled lizards (D:1)
  2 kobolds (D:1)
  5 rats (D:1)
28 creatures vanquished.

Notes
Turn   | Place    | Note
-------+----------+-------------------------------------------
     0 | Abyss:1  | polve the Demonspawn Abyssal Knight began the quest for the
                  | Orb.
     0 | Abyss:1  | Reached XP level 1. HP: 18/18 MP: 2/2
    29 | Abyss:1  | Noticed a smoke demon
    65 | Abyss:1  | Noticed a freezing wraith
    80 | Abyss:1  | Noticed an orange demon
    83 | D:1      | Escaped the Abyss
   750 | D:1      | Gained mutation: Spells you cast may paralyse adjacent
                  | enemies. [demonic ancestry]
   750 | D:1      | Reached XP level 2. HP: 24/24 MP: 3/3
   987 | D:1      | Reached * piety under Lugonu
  1134 | D:1      | Learned a level 1 spell: Magic Dart
  1421 | D:1      | Gained mutation: You are partially covered in sharp spines.
                  | [demonic ancestry]
  1421 | D:1      | Reached XP level 3. HP: 23/29 MP: 4/4
  1623 | D:2      | Noticed Sigmund
  1658 | D:2      | HP: 1/29 [Sigmund/+0 scythe (8)]
  1659 | D:2      | Killed from afar by Sigmund

Illustrated notes

Levels and vault maps discovered:
D:1:      lightli_arrival_isolated_outpost, layout_basic
D:2:      layout_basic, evilmike_ruin_ashenzari,
          chequers_ecumenical_altar_island, uniq_natasha, uniq_sigmund

Skill      XL: |  1  2 |
---------------+-------+-----
Long Blades    | 2 3 |  3.1
Fighting       | |  3.0
Armour         | |  1.7
Dodging        | |  0.8
Spellcasting   | |  0.3
Conjurations   | |  0.8
Invocations    | |  2.4

Action                   || total
-------------------------++-------
Melee: Falchion          ||    66
 Cast: Magic Dart        ||     9
Invok: Depart the Abyss  ||     1
  Use: Potion            ||     3
 Stab: Invisible         ||     1
Armor: Leather armour    ||     9
       Skin              ||    14
Dodge: Dodged            ||    41
       Rpst.: Falchion   ||    11

Table legend: (Time is in decaauts)
 A = Elapsed time spent in this place.
 B = Non-inter-level travel time spent in this place.
 C = Inter-level travel time spent in this place.
 D = Time resting spent in this place.
 E = Time spent auto-exploring this place.
 F = Levels seen in this place.
 G = Mean time per level.
                   A        B        C        D        E       F      G
               +--------+--------+--------+--------+--------+-----+--------+
         Total |   1671 |   1653 |     18 |      0 |   1434 |   3 |  557.0 |
       Dungeon |   1588 |   1570 |     18 |      0 |   1396 |   2 |  794.0 |
         Abyss |     83 |     83 |      0 |      0 |     38 |   1 |   83.0 |
               +--------+--------+--------+--------+--------+-----+--------+

Top non-repeatable levels by time:
     D:1: 1509 daAuts
 Abyss:1: 83 daAuts
     D:2: 79 daAuts
